 Dungeon Crawl Stone Soup version 0.26-a0-651-gb41185065b (webtiles) character file.

Game seed: 14436012112976279797

79 Inarius the Chopper (level 4, 0/40 HPs)
             Began as a Draconian Chaos Knight on Oct 30, 2020.
             Was a Plaything of Xom.
             Slain by a jumping spider (shapeshifter) (5 damage)
             ... on level 3 of the Dungeon.
             The game lasted 00:01:46 (1872 turns).

Inarius the Chopper (Draconian Chaos Knight)        Turns: 1872, Time: 00:01:47

Health: 0/40       AC:  5    Str: 15    XL:     4   Next: 16%
Magic:  13/13      EV: 12    Int: 13    God:    Xom [....*.]
Gold:   71         SH:  0    Dex: 10    Spells: 3/3 levels left

rFire    . . .     SeeInvis .   a - +0 hand axe (chaos)
rCold    . . .     Faith    .   (no shield)
rNeg     . . .     Spirit   .   (armour unavailable)
rPois    .         Reflect  .   (helmet restricted)
rElec    .         Harm     .   (no cloak)
rCorr    .         Rampage  .   (no gloves)
MR       .....                  (no boots)
Stlth    +.........             (no amulet)
HPRegen  0.13/turn              i - ring of magical power
MPRegen  0.13/turn              (no ring)

@: no status effects
A: unfitting armour, cold-blooded, AC +5
a: Renounce Religion


You were on level 3 of the Dungeon.
You worshipped Xom.
You were a beloved toy of Xom.
You visited 1 branch of the dungeon, and saw 3 of its levels.

You collected 71 gold pieces.

Inventory:

Hand Weapons
 a - a +0 hand axe of chaos (weapon)
Jewellery
 i - a ring of magical power (left hand)
Wands
 m - a wand of polymorph (8)
Scrolls
 b - 3 scrolls of teleportation
 d - a scroll of noise {unknown}
 e - a scroll of magic mapping {unknown}
 g - a scroll of remove curse {unknown}
 l - a scroll of blinking {unknown}
 n - a scroll of immolation
Potions
 c - 2 potions of stabbing {unknown}
 f - 2 potions of curing {unknown}
 h - 2 potions of mutation {unknown}
 j - a potion of ambrosia
 k - a potion of might {unknown}
 o - 2 potions of magic {unknown}


   Skills:
 + Level 3.7 Fighting
 * Level 4.5 Axes
 + Level 2.4 Dodging
 + Level 0.2 Stealth


You had 3 spell levels left.
You didn't know any spells.
Your spell library was empty.

Dungeon Overview and Level Annotations

Branches:
Dungeon (3/15)

Altars:


Innate Abilities, Weirdness & Mutations

Your plain brown scales are hard. (AC +5)
You cannot fit into any form of body armour.
You are cold-blooded and may be slowed by cold attacks.


Message History

The jumping spider bites you but does no damage.
You are too injured to fight recklessly!
You are too injured to fight recklessly!
You are too injured to fight recklessly!
You are too injured to fight recklessly!
You are too injured to fight recklessly!
You are too injured to fight recklessly!
You are too injured to fight recklessly!
You are too injured to fight recklessly!
You are too injured to fight recklessly!
You are too injured to fight recklessly!
Unknown command.
You struggle to detach yourself from the web.
The jumping spider pounces on you.
* * * LOW HITPOINT WARNING * * *
The jumping spider bites you.
* * * LOW HITPOINT WARNING * * *
The web tears apart.
The jumping spider pounces on you.
You die...
Xom snickers!

. ... ###....
####s......
#<.@.#
#........#
.......##.###
)...$.### .#
....#.# #
####.. #.# ..


You could see a jumping spider shaped shifter.

Vanquished Creatures
  An adder (D:2)
  2 oozes
  2 worms
  2 ball pythons
  7 bats
  5 giant cockroaches
  7 goblins
  8 hobgoblins
  3 jackals (D:1)
  7 kobolds
  3 frilled lizards
  2 rats (D:1)
49 creatures vanquished.

Vanquished Creatures (collateral kills)
  A dart slug (D:1)
1 creature vanquished.

Grand Total: 50 creatures vanquished

Notes
Turn   | Place    | Note
-------+----------+-------------------------------------------
     0 | D:1      | Inarius the Draconian Chaos Knight began the quest for the
                  | Orb.
     0 | D:1      | Reached XP level 1. HP: 19/19 MP: 1/1
   109 | D:1      | Reached XP level 2. HP: 26/26 MP: 2/2
   346 | D:1      | XOM: silly message
   443 | D:1      | XOM: noise
   500 | D:1      | Reached XP level 3. HP: 27/31 MP: 3/3
   927 | D:2      | Noticed a glowing shapeshifter
   927 | D:2      | a worm changed into a glowing shapeshifter
   927 | D:2      | XOM: 1-stop teleportation journey
   956 | D:2      | Reached skill level 4 in Axes
  1226 | D:2      | XOM: god gift: silvery potion {god gift}
  1598 | D:2      | XOM: god gift: scroll labeled LAICLE WIVOTY {god gift}
  1759 | D:2      | Reached XP level 4. HP: 40/40 MP: 4/4
  1798 | D:2      | XOM: noise
  1843 | D:2      | XOM: 6-stop teleportation journey
  1867 | D:3      | Noticed a shapeshifter
  1867 | D:3      | a worm changed into a shapeshifter
  1867 | D:3      | Noticed a yak
  1867 | D:3      | a shapeshifter changed into a yak
  1868 | D:3      | Noticed a jumping spider
  1868 | D:3      | a yak changed into a jumping spider
  1872 | D:3      | Slain by a jumping spider (shapeshifter)

Illustrated notes

Levels and vault maps discovered:
D:1:      eino_arrival_water_star, layout_basic
D:2:      layout_basic
D:3:      layout_rooms, serial_park_tiny_1

Skill      XL: |  1  2  3 |
---------------+----------+-----
Axes           | 4 |  4.5
Fighting       | |  3.7
Dodging        | |  2.4
Stealth        | |  0.2

Action                   |  1- 3 |  4- 6 || total
-------------------------+-------+-------++-------
Melee: Hand axe          |   120 |    15 ||   135
       Tailslap          |    12 |     1 ||    13
  Use: Scroll            |     3 |       ||     3
 Stab: Paralysed         |     1 |       ||     1
       Sleeping          |     1 |       ||     1
Armor: Skin              |    39 |     6 ||    45
Dodge: Dodged            |    70 |     7 ||    77

Table legend: (Time is in decaauts)
 A = Elapsed time spent in this place.
 B = Non-inter-level travel time spent in this place.
 C = Inter-level travel time spent in this place.
 D = Time resting spent in this place.
 E = Time spent auto-exploring this place.
 F = Levels seen in this place.
 G = Mean time per level.
                   A        B        C        D        E       F      G
               +--------+--------+--------+--------+--------+-----+--------+
         Total |   1886 |   1853 |     33 |     13 |   1526 |   3 |  628.7 |
       Dungeon |   1886 |   1853 |     33 |     13 |   1526 |   3 |  628.7 |
               +--------+--------+--------+--------+--------+-----+--------+

Top non-repeatable levels by time:
     D:2: 965 daAuts
     D:1: 904 daAuts
     D:3: 16 daAuts
